Map: Ruins of Seras

Players

capac - Winner!

  • Race: Terran Terran
  • League: Gold

A.I. 1 (Elite)

  • Race: Zerg Zerg

VOD

Have the link to the VOD?

Description

Time

  • Played on: March 8, 2016, 12:36 p.m.
  • Length: 11:33
Show
View Real Time Build Order
Export as new Build Order

capac Terran - Winner!

Build Orders: Bio Tank 

Get SALT Encoding   

  12  0:01  SCV  
  13  0:13  SCV  
  14  0:18  Supply Depot  
  14  0:25  SCV  
  15  0:40  SCV  
  15  0:42  Barracks  
  16  0:46  Refinery  
  16  0:52  SCV  
  17  1:04  SCV  
  18  1:16  SCV  
  19  1:28  SCV  
  19  1:31  Barracks Reactor  
  20  1:38  Command Center  
  20  1:40  SCV  
  21  1:52  Orbital Command  
  21  2:07  Marine x2  
  23  2:25  Supply Depot  
  23  2:31  Factory  
  23  2:41  Barracks  
  23  2:42  Refinery  
  23  2:47  Marine x2, SCV  
  26  2:52  Orbital Command  
  26  3:01  SCV  
  26  3:05  Marine x2  
  29  3:14  SCV  
  29  3:19  Factory Tech Lab  
  30  3:27  SCV  
  30  3:29  Barracks Tech Lab  
  31  3:39  Siege Tank, SCV  
  35  3:51  SCV  
  36  3:55  Stimpack  
  36  3:58  Marine  
  36  3:59  Starport, Marine x2  
  39  4:03  SCV  
  39  4:06  SCV  
  41  4:14  Siege Tank  
  41  4:16  SCV  
  45  4:18  SCV  
  46  4:27  Supply Depot  
  46  4:37  Starport Reactor  
  46  4:41  Barracks  
  46  4:49  Supply Depot, Marine x3, SCV x2  
  46  4:51  Siege Tank  
  54  4:56  Refinery  
  54  5:11  Marine x3, SCV x2  
  54  5:14  Supply Depot  
  59  5:19  Medivac  
  61  5:23  SCV  
  62  5:35  SCV x2, Medivac  
  66  5:36  Marine x2  
  66  5:37  Marine  
  66  5:39  Supply Depot, Barracks Reactor  
  69  5:43  Barracks  
  69  5:47  SCV  
  70  5:58  Combat Shields  
  70  5:59  Supply Depot  
  70  6:00  Marine x3, Siege Tank, SCV  
  70  6:01  Supply Depot  
  77  6:18  Marine  
  78  6:20  Marine, Medivac  
  78  6:24  Supply Depot  
  78  6:25  Supply Depot, Marine  
  81  6:26  Marine x2  
  84  6:33  Barracks Reactor  
  84  6:35  Marine  
  84  6:36  Siege Tank  
  84  6:38  Barracks  
  88  6:45  Marine x4  
  92  6:58  Medivac x2  
  92  7:00  Marine  
  97  7:03  Marine x2  
  97  7:04  Supply Depot  
  97  7:05  Supply Depot  
  99  7:15  Siege Tank  
  99  7:17  Marine x5  
  107  7:29  Supply Depot  
  106  7:34  Supply Depot  
  86  7:46  Marine x6  
  86  7:47  Marine  
  93  7:56  Supply Depot  
  93  7:58  Barracks Reactor  
  93  8:01  Supply Depot  
  93  8:02  Starport  
  93  8:03  Siege Tank  
  93  8:04  Marine x5  
  101  8:24  Marine x6  
  101  8:25  Marine  
  101  8:26  Medivac  
  110  8:35  Siege Tank  
  110  8:41  Marine  
  110  8:42  Marine x2  
  110  8:43  Marine x4  
  113  9:07  Marine x3  
  113  9:08  Marine x3  
  113  9:09  Siege Tank  
  122  9:10  Medivac x2  
  113  9:34  Marine x3  
  115  9:49  Siege Tank  
  118  9:55  Marine  
  118  10:02  Marine x5  
  118  10:05  Medivac x2  
  123  10:15  Marine x2  
  123  10:19  Marine  
  123  10:20  Marine x2  
  123  10:21  Siege Tank  
  128  10:50  Marine x7  
  133  11:07  Marine  
Show
View Real Time Build Order
Export as new Build Order

A.I. 1 (Elite) Zerg 

Build Orders: Pool First 

Get SALT Encoding   

  12  0:00  Drone  
  13  0:12  Overlord  
  13  0:18  Drone  
  14  0:31  Drone x2  
  14  0:34  Drone  
  17  0:48  Spawning Pool  
  17  0:49  Drone  
  17  1:11  Hatchery  
  17  1:14  Drone  
  17  1:18  Extractor  
  16  1:19  Extractor  
  16  1:21  Drone  
  16  1:25  Drone  
  16  1:29  Drone  
  18  1:38  Drone  
  19  1:49  Overlord  
  19  1:57  Queen  
  21  2:03  Zergling x2  
  22  2:10  Drone  
  23  2:24  Queen  
  25  2:30  Drone  
  25  2:35  Drone  
  27  2:40  Drone  
  28  2:44  Drone  
  29  3:00  Roach Warren  
  29  3:02  Drone  
  29  3:04  Drone  
  30  3:07  Zergling x2  
  30  3:10  Zergling x2  
  32  3:17  Overlord  
  32  3:19  Drone  
  33  3:23  Drone  
  34  3:42  Roach x3  
  34  3:43  Roach  
  34  3:47  Lair  
  42  3:52  Overlord  
  42  3:57  Overlord  
  42  4:00  Zergling x2  
  42  4:02  Zergling x2  
  44  4:10  Zergling x2, Drone x2  
  44  4:13  Drone  
  44  4:15  Drone  
  49  4:17  Drone  
  49  4:22  Overlord  
  50  4:26  Roach  
  50  4:30  Roach  
  54  4:33  Roach  
  54  4:36  Roach  
  58  4:40  Overlord  
  58  4:46  Hydralisk Den  
  58  4:47  Drone  
  58  4:49  Drone  
  58  4:51  Drone  
  60  4:54  Roach  
  60  4:57  Roach  
  64  5:03  Drone  
  64  5:05  Drone  
  66  5:09  Overlord  
  66  5:11  Drone  
  66  5:14  Drone  
  68  5:15  Hydralisk, Drone  
  68  5:19  Hydralisk  
  74  5:21  Drone  
  74  5:23  Drone  
  74  5:25  Drone  
  74  5:27  Drone  
  77  5:30  Overlord  
  77  5:32  Drone  
  77  5:34  Drone  
  79  5:37  Drone  
  79  5:38  Drone  
  79  5:42  Infestation Pit  
  80  5:45  Drone  
  80  5:48  Overlord  
  81  5:57  Metabolic Boost  
  81  6:00  Evolution Chamber  
  81  6:01  Drone  
  81  6:08  Hatchery  
  80  6:17  Ravager  
  81  6:18  Ravager  
  81  6:19  Infestor  
  81  6:20  Evolution Chamber, Drone  
  81  6:22  Roach  
  81  6:24  Roach  
  88  6:26  Zerg Melee Weapons Level 1  
  88  6:31  Evolution Chamber  
  87  6:33  Drone  
  87  6:37  Extractor  
  87  6:41  Extractor  
  87  6:42  Drone  
  87  6:45  Zerg Missile Weapons Level 1  
  87  6:46  Overlord, Infestor  
  89  6:54  Baneling Nest  
  89  6:55  Drone  
  89  6:57  Zerg Ground Armor Level 1  
  89  7:00  Drone  
  90  7:03  Drone x3  
  90  7:07  Hydralisk  
  95  7:17  Spine Crawler, Overlord, Hydralisk  
  95  7:18  Drone  
  95  7:21  Zergling x2, Drone x2  
  95  7:22  Overseer, Drone x3  
  102  7:23  Drone x4  
  102  7:26  Drone  
  102  7:27  Drone  
  102  7:29  Drone  
  105  7:31  Extractor  
  105  7:32  Drone  
  105  7:33  Zergling x2  
  105  7:35  Drone  
  102  7:39  Baneling  
  102  7:41  Drone  
  102  7:43  Roach  
  91  7:45  Zergling x2, Roach, Drone  
  91  7:46  Roach  
  91  7:50  Roach, Drone  
  91  7:51  Roach  
  100  7:52  Drone  
  100  7:54  Drone  
  100  7:57  Drone  
  103  8:02  Drone  
  103  8:05  Drone  
  105  8:07  Drone  
  106  8:13  Drone  
  106  8:15  Overlord, Pneumatized Carapace  
  106  8:16  Zergling x2, Infestor  
  106  8:17  Drone  
  106  8:18  Hatchery  
  106  8:19  Roach  
  112  8:21  Zergling x2  
  112  8:22  Hydralisk  
  112  8:23  Drone  
  112  8:25  Roach  
  118  8:28  Roach  
  118  8:33  Roach  
  121  8:34  Zergling x2  
  121  8:38  Overlord, Baneling  
  121  8:39  Baneling  
  121  8:40  Zergling x2, Baneling x2  
  106  8:45  Roach  
  106  8:47  Infestor  
  106  8:48  Zergling x4  
  100  8:49  Zergling x2  
  100  8:52  Zergling x2  
  100  8:53  Zergling x2, Infestor  
  100  8:54  Roach  
  100  8:55  Ravager, Hydralisk  
  105  8:58  Baneling x2  
  105  9:01  Zergling x2  
  105  9:02  Ravager  
  109  9:03  Roach  
  109  9:06  Baneling  
  109  9:07  Roach  
  109  9:08  Baneling  
  110  9:11  Roach  
  110  9:13  Roach  
  113  9:20  Zergling x2, Drone  
  113  9:21  Roach  
  113  9:22  Zergling x2  
  95  9:24  Hydralisk  
  95  9:25  Drone  
  95  9:26  Drone  
  95  9:27  Drone  
  95  9:29  Drone  
  85  9:33  Roach  
  85  9:36  Roach  
  71  9:40  Roach  
  71  9:44  Zergling x2, Baneling x2  
  71  9:45  Extractor  
  69  9:46  Hydralisk  
  69  9:51  Drone x2  
  69  9:52  Roach  
  70  9:53  Drone  
  70  9:55  Drone  
  70  9:57  Infestor, Drone, Roach  
  70  9:58  Zergling x2  
  74  10:02  Drone  
  45  10:26  Zergling x2, Roach  
  47  10:31  Roach  
  47  10:35  Roach  
  49  10:39  Zergling x2  
  48  10:43  Roach  
  46  10:52  Zergling x2  
Tags
 
Composition
Bio Tank
League
Gold
Matchup
TvZ
Opening
Pool First
Add a new tag
Caveats
  • Supply blocks, unpowered buildings, or Contaminate may cause inaccurate times.
  • Supply counts are checked every 10 seconds.